 Dungeon Crawl Stone Soup version 0.31.0-9-g3a7656b989 (webtiles) character file.

Game seed: 1768226071456594733

408 qw the Skirmisher (level 6, -2/35 HPs)
             Began as a Deep Elf Hunter on Feb 2, 2024.
             Incinerated by a bombardier beetle (3 damage)
             ... with a burning spray
             ... on level 4 of the Dungeon.
             The game lasted 00:00:12 (3276 turns).

qw the Skirmisher (Deep Elf Hunter)                 Turns: 3276, Time: 00:00:13

Health: -2/35      AC: 12    Str: 10    XL:     6   Next: 57%
Magic:  8/8        EV: 11    Int: 14    God:
Gold:   202        SH:  0    Dex: 18    Spells: 5/5 levels left

rFire   . . .        a - +0 shortbow
rCold   . . .        (shield currently unavailable)
rNeg    . . .        j - +0 ring mail
rPois   .            h - +2 hat
rElec   .            g - +1 cloak
rCorr   .            d - +2 pair of gloves
SInv    .            (no boots)
Will    .....        (no amulet)
Stlth   +            (no ring)
HPRegen 0.25/turn    (no ring)
MPRegen 0.11/turn

%: no passive effects
@: on fire, glowing
A: no striking features
a: no special abilities


You were on level 4 of the Dungeon.
You visited 1 branch of the dungeon, and saw 4 of its levels.

You collected 202 gold pieces.


   Skills:
 - Level 2.2 Fighting
 + Level 9.6 Ranged Weapons
 - Level 1.7 Armour
 - Level 2.4 Dodging
 - Level 1.2 Stealth


You had 5 spell levels left.
You didn't know any spells.
Your spell library was empty.

Inventory:

Hand Weapons
 a - a +0 shortbow (weapon)
Armour
 d - a +2 pair of gloves (worn)
 g - a +1 cloak (worn)
 h - a +2 hat (worn)
 j - a +0 ring mail (worn)
Scrolls
 f - a scroll of enchant weapon {unknown}
Potions
 b - a potion of might {unknown}
 c - a potion of degeneration {unknown}
 e - a potion of haste {unknown}

Dungeon Overview and Level Annotations

Branches:
Dungeon (4/15)
 Temple: D:4-7

Altars:


Message History

The arrow hits the bombardier beetle but does no damage.
The bombardier beetle is heavily wounded.
You shoot an arrow. The arrow hits the bombardier beetle.
The bombardier beetle is severely wounded.
You shoot an arrow.
The arrow barely misses the bombardier beetle.
The bombardier beetle bites you but does no damage.
You shoot an arrow.
The arrow barely misses the bombardier beetle.
You shoot an arrow.
The arrow barely misses the bombardier beetle.
The bombardier beetle sprays incendiary fluid at you.
The burning spray hits you.
You are covered in liquid fire!
You shoot an arrow. The arrow hits the bombardier beetle.
You kill the bombardier beetle!
The liquid fire burns you!
You are on fire!
The liquid fire burns you!
You are on fire!
The liquid fire burns you!
You are on fire!
The liquid fire burns you!
You are on fire!
The liquid fire burns you!
You are on fire!
The liquid fire burns you!
You are on fire!
The liquid fire burns you!
You are on fire!
The liquid fire burns you!
You are on fire!
The liquid fire burns you!
You are on fire!
The liquid fire burns you!
You are on fire!
The liquid fire burns you!
You are on fire!
The liquid fire burns you!
You die...

###''# #####.....................
#....###...#.%......##...........
#....##..........................
.......##........................
.......##.........>.....#.......#
.......#............%...##.....##
..........###.#...#.#.....#...##
##.##.#...# ####..#####<#.#....#
#...#####.. #...@..# #######..#
....# #..........# #.## ...##
#.......[..# ### ...........#
.........>... ........#..###
...........# ............


There were no monsters in sight!

Vanquished Creatures
  A kobold brigand (D:4)
  2 bombardier beetles (D:4)
  A hound (D:4)
  Jessica (D:2)
  2 iguanas
  An orc wizard (D:3)
  5 adders
  3 dart slugs
  3 ribbon worms
  5 orcs (D:3)
  3 endoplasms
  4 giant cockroaches (D:1)
  10 goblins
  7 hobgoblins
  8 jackals
  7 ball pythons
  6 bats
  6 frilled lizards
  6 kobolds
  6 rats
87 creatures vanquished.

Notes
Turn   | Place    | Note
-------+----------+-------------------------------------------
     0 | D:1      | qw the Deep Elf Hunter began the quest for the Orb.
     0 | D:1      | Reached XP level 1. HP: 12/12 MP: 3/3
     0 | D:1      | 0 ||| qw: Version: 0.3-a-155-g5e7d8dd
     0 | D:1      | 0 ||| qw: Game counter: 313
     0 | D:1      | 0 ||| qw: Melee chars always use a shield: true
     0 | D:1      | 0 ||| qw: God list: Okawaru
     0 | D:1      | 0 ||| qw: Allow faded altars: false
     0 | D:1      | 0 ||| qw: Do Orc after clearing Dungeon:15 true
     0 | D:1      | 0 ||| qw: Do second Lair branch before Depths: true
     0 | D:1      | 0 ||| qw: Lair rune preference: random
     0 | D:1      | 0 ||| qw: Goals: Normal
     0 | D:1      | 0 ||| PLANNING D:1-11
   174 | D:1      | Reached skill level 6 in Ranged Weapons
   174 | D:1      | Reached XP level 2. HP: 16/16 MP: 4/4
   810 | D:1      | 810 ||| UPGRADING to +0 pair of gloves.
   815 | D:1      | 815 ||| UPGRADING to +2 hat.
   820 | D:1      | 820 ||| UPGRADING to +0 ring mail.
   830 | D:1      | 830 ||| DROPPING +0 leather armour.
   831 | D:1      | 831 ||| READING scroll labelled SAROAK NOSERAE.
   932 | D:1      | 932 ||| READING scroll labelled OLOXZI ZOANICUK.
   932 | D:1      | 932 ||| ENCHANTING +0 pair of gloves.
   933 | D:1      | 933 ||| READING 2 scrolls labelled ZIAJIMOZOM.
   933 | D:1      | 933 ||| IDENTIFYING scroll labelled BIHIOF MOEF
   934 | D:1      | 934 ||| READING scroll of identify.
   934 | D:1      | 934 ||| IDENTIFYING scroll labelled ASOVUY VANE
   935 | D:1      | 935 ||| READING scroll labelled JOEHYONIMN.
   936 | D:1      | 936 ||| DROPPING scroll of butterflies.
   937 | D:1      | 937 ||| DROPPING scroll of fear.
  1022 | D:2      | Noticed Jessica
  1025 | D:2      | HP: 4/16 [Jessica/nerve-wracking pain (2)]
  1026 | D:2      | 1026 ||| READING 2 scrolls of teleportation.
  1030 | D:2      | 1030 ||| READING scroll of teleportation.
  1032 | D:2      | Killed Jessica
  1033 | D:2      | Reached skill level 7 in Ranged Weapons
  1033 | D:2      | Reached XP level 3. HP: 6/20 MP: 5/5
  1226 | D:2      | Reached XP level 4. HP: 23/25 MP: 6/6
  1674 | D:2      | 1674 ||| READING scroll of enchant armour.
  1674 | D:2      | 1674 ||| ENCHANTING +1 pair of gloves.
  1717 | D:2      | Reached skill level 8 in Ranged Weapons
  1809 | D:2      | 1809 ||| UPGRADING to +1 cloak.
  1814 | D:2      | 1814 ||| DROPPING ring of flight.
  1815 | D:2      | 1815 ||| READING scroll of identify.
  1815 | D:2      | 1815 ||| IDENTIFYING emerald potion
  1816 | D:2      | 1816 ||| READING scroll labelled XEMEL BIUM.
  1817 | D:2      | 1817 ||| READING scroll labelled YSAINA SOVVAO.
  1818 | D:2      | 1818 ||| DROPPING potion of lignification.
  1820 | D:2      | 1820 ||| Stepping ~*~*~tactically~*~*~ (cloud).
  1947 | D:3      | HP: 6/25 [orc/+0 hand axe (3)]
  1952 | D:3      | HP: 5/25 [something (1)]
  1954 | D:3      | Reached XP level 5. HP: 7/29 MP: 7/7
  2191 | D:3      | Reached skill level 9 in Ranged Weapons
  2875 | D:3      | Found a faded altar of an unknown god.
  2958 | D:4      | HP: 7/30 [kobold brigand/+0 whip (8)]
  2962 | D:4      | Reached skill level 1 in Armour
  2962 | D:4      | Reached XP level 6. HP: 8/35 MP: 8/8
  3273 | D:4      | HP: 6/35 [burnt (4)]
  3275 | D:4      | HP: 1/35 [burnt (3)]
  3276 | D:4      | Incinerated by a bombardier beetle

Levels and vault maps discovered:
D:1:      psy_arrival_heroes, layout_basic
D:2:      minmay_chambers_of_twos, layout_loops_ring, uniq_jessica
D:3:      layout_basic, ebering_ecumenical_altar_rust,
          chequers_serial_rivers_room_a
D:4:      kennysheep_big_flooded_room, layout_cave_pools

Skill      XL: |  1  2  3  4  5 |
---------------+----------------+-----
Ranged Weapons | 6 7 8 9 |  9.6
Fighting       | 2 |  2.2
Armour         | 1 |  1.7
Dodging        | |  2.4
Stealth        | |  1.2

Action                     |  1- 3 |  4- 6 || total
---------------------------+-------+-------++-------
   Fire: Shortbow          |   118 |   187 ||   305
    Use: Scroll            |     7 |     4 ||    11
 Armour: Leather armour    |     6 |       ||     6
         Ring mail         |    30 |    83 ||   113
  Dodge: Dodged            |    42 |    62 ||   104

Table legend:
 A = Non-vault XP
 B = Vault XP
 C = Vault XP percentage of total XP
 D = Non-vault monster count
 E = Vault monster count
 F = Vault count percentage of total count
                 A         B        C        D         E       F
            +---------+---------+-------+---------+---------+-------
      Total |     528 |      55 |   9.4 |      78 |       9 |  10.3
            +---------+---------+-------+---------+---------+-------
        D:1 |      35 |       0 |   0.0 |      23 |       0 |   0.0
        D:2 |      61 |      55 |  47.4 |      22 |       9 |  29.0
        D:3 |     143 |       0 |   0.0 |      20 |       0 |   0.0
        D:4 |     289 |       0 |   0.0 |      13 |       0 |   0.0
            +---------+---------+-------+---------+---------+-------
